 Dungeon Crawl Stone Soup version 0.32-a0-516-g94ed278cf8 (console) character file.

Game seed: 12351481259293339803

4550 bombolon the Thaumaturge (level 10, -16/71 HPs)
             Began as a Djinni Fire Elementalist on Feb 27, 2024.
             Was an Elder of Qazlal.
             Demolished by an orc knight
             ... wielding a +0 halberd
              (23 damage)
             ... in a bailey.
             The game lasted 00:53:04 (8450 turns).

bombolon the Thaumaturge (Djinni Fire Elementalist) Turns: 8450, Time: 00:53:06

Health: -16/71     AC:  6    Str:  7    XL:     10   Next: 67%
Gold:   480        EV: 14    Int: 27    God:    Qazlal [****..] SH:  5 Dex: 14

rFire   + + +        k - staff of cold
rCold   + . .        (no shield)
rNeg    . . .        y - +1 leather armour {rC+}
rPois   ∞            (no helmet)
rElec   .            A - +0 cloak
rCorr   .            (no gloves)
SInv    .            (boots unavailable)
Will    +....        (no amulet)
Stlth   +            G - +6 ring of intelligence
HPRegen 0.31/turn    n - ring of protection from fire
MPRegen 0.00/turn

%: repel missiles, infuse magic (-17 HP)
@: flying
A: sickness immunity, fire resistance 2, cold vulnerability 1, float, innate
caster, HP casting, extra vitality 1
a: Renounce Religion, Upheaval, Elemental Force


You were in a bailey.
You worshipped Qazlal.
Qazlal was greatly pleased with you.
You visited 2 branches of the dungeon, and saw 9 of its levels.
You also visited: Bailey.

You collected 532 gold pieces.
You spent 52 gold pieces at shops.

Inventory:

Hand Weapons
 r - a +0 short sword of draining
 v - a +4 mace
 z - a +3 quarterstaff of chaos
 B - a +4 flail of protection
 K - a +4 scimitar of flaming
 M - a +0 short sword of venom
Missiles
 F - a throwing net
Armour
 e - a +0 ring mail of cold resistance
 f - a +1 ring mail of fire resistance
 i - a +0 buckler
 y - a +1 leather armour of cold resistance (worn)
 A - a +0 cloak (worn)
Magical Staves
 k - a staff of cold (weapon)
Jewellery
 c - a ring of see invisible
 n - a ring of protection from fire (right hand)
 G - a +6 ring of intelligence (left hand)
 J - a ring of positive energy
Talismans
 q - a serpent talisman
Wands
 x - a wand of mindburst (41)
 L - a wand of flame (15)
Scrolls
 a - a scroll of silence {unknown}
 b - a scroll of identify
 d - 2 scrolls of revelation {unknown}
 g - 4 scrolls of blinking {unknown}
 h - 4 scrolls of teleportation
 j - 3 scrolls of enchant weapon {unknown}
 l - a scroll of torment {unknown}
 m - 2 scrolls of enchant armour {unknown}
 o - a scroll of noise {unknown}
 t - a scroll of vulnerability {unknown}
 E - 3 scrolls of fog
 I - a scroll of amnesia {unknown}
Potions
 p - 4 potions of brilliance
 s - a potion of mutation
 u - a potion of resistance
 w - a potion of lignification
 C - 2 potions of haste
 D - a potion of curing
 H - a potion of ambrosia


   Skills:
 + Level 5.6 Fighting
 - Level 0.6 Maces & Flails
 + Level 5.5 Armour
 + Level 7.0 Dodging
 - Level 2.3 Stealth
 + Level 9.0 Spellcasting
 + Level 9.0 Conjurations
 + Level 9.0 Hexes
   Level 0.0 Charms
 + Level 9.0 Summonings
 + Level 9.0 Necromancy
 + Level 9.0 Translocations
   Level 0.0 Transmutations
 + Level 9.0 Fire Magic
 + Level 9.0 Ice Magic
 + Level 9.0 Air Magic
 + Level 9.0 Earth Magic
 + Level 9.0 Alchemy


You knew the following spells:

 Your Spells              Type           Power      Damage    Failure   Level
a - Foxfire               Conj/Fire      100%       2x1d9     1%          1
b - Scorch                Fire           100%       2d9       1%          2
c - Volatile Blastmotes   Fire/Tloc      100%       2d18      1%          3
d - Inner Flame           Hex/Fire       57%        N/A       1%          3
e - Flame Wave            Conj/Fire      57%        2d14      1%          4
f - Searing Ray           Conj           100%       2d8       1%          2
g - Stone Arrow           Conj/Erth      100%       3d13      1%          3
h - Sigil of Binding      Hex            57%        N/A       1%          3
z - Freeze                Ice            100%       1d10      1%          1
Your spell library was empty.

Dungeon Overview and Level Annotations

Branches:
Dungeon (8/15)             Temple (1/1) D:5          Bailey (1/1)
   Lair: D:8-11

Altars:
Cheibriados
Dithmenos
Elyvilon
Fedhas
Gozag
Makhleb
Nemelex Xobeh
Okawaru
Qazlal
Ru
Trog
Uskayaw
Wu Jian
Xom
Yredelemnul
The Shining One
Lugonu

Shops:
D:4 !

Annotations:
D:8 exclusion: door


Innate Abilities, Weirdness & Mutations

You are immune to sickness and miasma.
You are immune to poison.
Your flesh is very heat resistant. (rF++)
You are vulnerable to cold. (rC-)
You float through the air rather than walking.
You learn spells naturally, not from books.
Your magical power is your life essence.
You have superior vitality. (+4 MHP)


Message History

A storm cloud blasts the area with cutting wind!
The cutting wind hits the orc knight.
The orc knight is moderately wounded.
The orc knight is engulfed in blazing flames.
The orc knight barely misses you.
Casting: Stone Arrow (safe; 1% risk of failure)
Confirm with . or Enter, or press ? or * to list all spells.
Okay, then.
Unknown command.
Unknown command.
The orc knight is engulfed in blazing flames.
There is an open door here.
You see here a +0 halberd.
You see here a +0 hand axe.
Casting: Stone Arrow (safe; 1% risk of failure)
Confirm with . or Enter, or press ? or * to list all spells.
Casting: Flame Wave (dangerous; 1% risk of failure)
Press: ? - help, Dir - look around, f - activate A wave of flame ripples out!
You hear a sizzling sound! x3 (Press . to intensify the flame waves.)
A wave of flame ripples out!
The flame wave engulfs the orc knight!
The orc knight is lightly wounded.
The orc knight's magical effects unravel!
The flame wave engulfs the orc knight but does no damage.
The orc knight is heavily wounded.
The orc knight's magical effects unravel!
The orc knight is engulfed in freezing vapours.
The orc knight hits you from afar with a +0 glaive!!
The orc knight hits you with a +0 halberd!
* * * LOW HITPOINT WARNING * * *
A wave of flame ripples out!
The flame wave engulfs the orc knight.
The orc knight is moderately wounded.
The flame wave engulfs the orc knight.
The orc knight is severely wounded.
You hear a sizzling sound!
* * * LOW HITPOINT WARNING * * *
You finish channelling waves of flame.
The orc knight misses you.
The orc knight hits you with a +0 halberd!!
You die...

#....)))#
#...).))#
#..#.#..#
#.##ß##.#
#..#.#..#
#......)#
#....○..#
#...).☼.#
##.°.@.##
###o###
#)o.#
#.).#
#.).#
#...#
###)###
##..)..##
#.......#


You could see 2 orc knights.

Vanquished Creatures
  Erica (D:8)
  A hornet (D:8)
  A wyvern (D:7)
  Edmund (D:5)
  8 orc warriors
  Pargi (D:3)
  2 ice beasts
  A sky beast (D:6)
  2 ogres
  5 centaurs
  A phantom (D:3)
  A gnoll sergeant (D:6)
  A bullfrog (D:6)
  2 scorpions
  4 wights
  5 killer bees (D:6)
  A bombardier beetle (D:4)
  7 orc priests
  A gnoll bouda (D:4)
  Crazy Yiuf (D:5)
  5 hounds
  2 jellies (D:6)
  A sleepcap (D:8)
  5 orc wizards
  3 iguanas
  Ijyb (D:5)
  13 gnolls
  5 adders
  A white imp (D:7)
  A ribbon worm (D:3)
  4 dart slugs
  38 orcs
  8 ball pythons
  7 endoplasms
  2 giant cockroaches
  5 goblins
  6 hobgoblins
  8 kobolds
  6 quokkas
  4 bats
  4 frilled lizards
  5 rats
181 creatures vanquished.

Vanquished Creatures (collateral kills)
  2 foxfires (Bailey)
2 creatures vanquished.

Vanquished Creatures (others)
  173 foxfires
173 creatures vanquished.

Grand Total: 356 creatures vanquished

Notes
Turn   | Place    | Note
-------+----------+-------------------------------------------
     0 | D:1      | bombolon the Djinni Fire Elementalist began the quest for
                  | the Orb.
     0 | D:1      | bombolon set off with the following spells memorised:
                  | Foxfire, Scorch, Volatile Blastmotes, Inner Flame, Flame
                  | Wave.
     0 | D:1      | Reached XP level 1. HP: 15/15 MP: 0/0
   346 | D:1      | Reached XP level 2. HP: 21/21 MP: 0/0
   610 | D:1      | Found a faded altar of an unknown god.
   626 | D:1      | Prayed at the altar of an unknown god.
   626 | D:1      | Became a worshipper of Qazlal Stormbringer
   626 | D:1      | Reached * piety under Qazlal
   815 | D:1      | Reached XP level 3. HP: 24/25 MP: 0/0
   815 | D:1      | Learned a level 1 spell: Freeze
  1403 | D:2      | Reached ** piety under Qazlal
  1526 | D:2      | Reached XP level 4. HP: 22/31 MP: 0/0
  2143 | D:3      | Found a sacrificial altar of Ru.
  2275 | D:3      | Reached XP level 5. HP: 33/36 MP: 0/0
  2275 | D:3      | Learned a level 2 spell: Searing Ray
  2575 | D:3      | Noticed a phantom
  2591 | D:3      | Killed a phantom
  2592 | D:3      | Reached XP level 6. HP: 35/41 MP: 0/0
  2679 | D:4      | Noticed Pargi
  2827 | D:3      | Reached skill level 5 in Spellcasting
  2827 | D:3      | Reached skill level 5 in Conjurations
  2827 | D:3      | Reached skill level 5 in Hexes
  2827 | D:3      | Reached skill level 5 in Summonings
  2827 | D:3      | Reached skill level 5 in Necromancy
  2827 | D:3      | Reached skill level 5 in Translocations
  2827 | D:3      | Reached skill level 5 in Fire Magic
  2827 | D:3      | Reached skill level 5 in Ice Magic
  2827 | D:3      | Reached skill level 5 in Air Magic
  2827 | D:3      | Reached skill level 5 in Earth Magic
  2827 | D:3      | Reached skill level 5 in Alchemy
  2886 | D:4      | Found Taisowax's Distillery.
  2900 | D:4      | Bought a potion of degeneration for 13 gold pieces
  2918 | D:4      | Found a bloodstained altar of Trog.
  3191 | D:4      | Reached XP level 7. HP: 38/46 MP: 0/0
  3191 | D:4      | Learned a level 3 spell: Stone Arrow
  3327 | D:4      | Found an ornate altar of the Wu Jian Council.
  3343 | D:4      | Reached *** piety under Qazlal
  4112 | D:3      | Killed Pargi
  4151 | D:4      | Bought a potion of lignification for 39 gold pieces
  4156 | D:5      | Entered Level 5 of the Dungeon
  4160 | D:5      | Noticed Ijyb
  4162 | D:5      | Killed Ijyb
  4189 | D:5      | Found a staircase to the Ecumenical Temple.
  4200 | Temple   | Entered the Ecumenical Temple
  4297 | D:5      | Found a runed translucent door.
  4298 | D:5      | Noticed Crazy Yiuf
  4331 | D:5      | Killed Crazy Yiuf
  4406 | D:5      | Noticed Edmund
  4415 | D:5      | Killed Edmund
  4416 | D:5      | Reached XP level 8. HP: 32/51 MP: 0/0
  4518 | D:5      | Found a stormy altar of Qazlal.
  4908 | D:5      | Found a white marble altar of Elyvilon.
  5441 | D:6      | Reached skill level 1 in Fighting
  5562 | D:6      | Found a snail-covered altar of Cheibriados.
  5575 | D:6      | Reached skill level 1 in Armour
  5577 | D:6      | Reached XP level 9. HP: 48/58 MP: 0/0
  5577 | D:6      | Learned a level 3 spell: Sigil of Binding
  6736 | D:6      | Reached **** piety under Qazlal
  6789 | D:7      | Reached skill level 5 in Dodging
  7291 | D:7      | Found a basalt altar of Yredelemnul.
  7413 | D:8      | Noticed Erica
  7440 | D:8      | Found an iron altar of Okawaru.
  7459 | D:8      | Found a shimmering altar of Xom.
  7466 | D:7      | Reached XP level 10. HP: 13/68 MP: 0/0
  7737 | D:8      | Found a flagged portal.
  7778 | D:8      | Killed Erica
  7779 | D:8      | Reached skill level 5 in Fighting
  7779 | D:8      | Reached skill level 5 in Armour
  7906 | D:8      | Noticed a +0 short sword
  7906 | D:8      | Noticed a +0 dagger
  7907 | D:8      | Noticed a +0 spear
  7907 | D:8      | Noticed a +0 dagger
  7908 | D:8      | Noticed a +0 falchion
  7908 | D:8      | Noticed a +0 spear
  7909 | D:8      | Noticed a +0 falchion
  7909 | D:8      | Noticed a +0 short sword
  7914 | D:8      | Found a hide-covered altar of Uskayaw.
  7987 | Bailey   | Entered a bailey
  8423 | Bailey   | Noticed an orc knight
  8431 | Bailey   | Noticed an orc knight
  8440 | Bailey   | Noticed an orc knight
  8450 | Bailey   | Demolished by an orc knight

Illustrated notes

Levels and vault maps discovered:
D:1:      scummos_arrival_checkerplants, layout_loops_corners,
          ebering_ecumenical_altar_mist
D:2:      layout_loops_corners
D:3:      layout_rooms, mainiacjoe_overflow_small_starburst
D:4:      minmay_spotlight, layout_cave_pods, kennysheep_mini,
          mainiacjoe_overflow_surrounded_room, serial_shops, shop, hex_medium,
          uniq_pargi
D:5:      layout_loops_ring, mainiacjoe_overflow_alcove_1, grunt_qazlal_clouds,
          temple_pool_b, st_stairs_4, kennysheep_generic_room_8,
          uniq_crazy_yiuf_cottage, uniq_edmund, uniq_ijyb
D:6:      layout_loops_corners, nicolae_overflow_hidden_temple
D:7:      layout_cave_pools, lemuel_coloured_pillars_altar, pf_just_have_faith
D:8:      layout_rooms, grunt_temple_overflow_order_and_chaos_1,
          okawaru_metal_pillars_1_2, vehumet_altar_wand_db,
          nicolae_uskayaw_en_pointe, enter_bailey_8, uniq_erica
Temple:   corrupted_temple
Bailey:   bailey_polearm_5, bailey

Skill      XL: |  1  2  3  4  5  6  7  8  9 10 |
---------------+-------------------------------+-----
Stealth        | 2 |  2.3
Dodging        | 3 5 7 |  7.0
Spellcasting   | 4 5 6 7 8 9 |  9.0
Conjurations   | 4 5 6 7 8 9 |  9.0
Hexes          | 4 5 6 7 8 9 |  9.0
Summonings     | 4 5 6 7 8 9 |  9.0
Necromancy     | 4 5 6 7 8 9 |  9.0
Translocations | 4 5 6 7 8 9 |  9.0
Fire Magic     | 4 5 6 7 8 9 |  9.0
Ice Magic      | 4 5 6 7 8 9 |  9.0
Air Magic      | 4 5 6 7 8 9 |  9.0
Earth Magic    | 4 5 6 7 8 9 |  9.0
Alchemy        | 4 5 6 7 8 9 |  9.0
Fighting       | 1 4 5 |  5.6
Armour         | 1 4 5 |  5.5
Maces & Flails | |  0.6

Action                     |  1- 3 |  4- 6 |  7- 9 | 10-12 || total
---------------------------+-------+-------+-------+-------++-------
  Melee: Mace              |     6 |       |       |       ||     6
         Staff             |     1 |     2 |     2 |     1 ||     6
   Cast: Foxfire           |    42 |    45 |    37 |    19 ||   143
         Freeze            |    16 |    23 |    53 |    23 ||   115
         Searing Ray       |       |     6 |     7 |       ||    13
         Stone Arrow       |       |       |    51 |    29 ||    80
         Volatile Blastmot |       |       |     3 |       ||     3
         Flame Wave        |       |       |     6 |     2 ||     8
         Scorch            |       |       |     3 |       ||     3
 Invoke: Upheaval          |       |       |       |     1 ||     1
    Use: Scroll            |       |     5 |     5 |       ||    10
         Potion            |       |     2 |     1 |       ||     3
   Stab: Sleeping          |     1 |       |       |       ||     1
 Armour: Robe              |    33 |    20 |     5 |       ||    58
         Leather armour    |       |       |    37 |    26 ||    63
  Dodge: Dodged            |    28 |    29 |    49 |    29 ||   135
         Repelled          |     2 |     1 |     6 |     3 ||    12
  Block: Other             |     3 |     5 |    14 |    12 ||    34

Table legend: (Time is in decaauts)
 A = Elapsed time spent in this place.
 B = Non-inter-level travel time spent in this place.
 C = Inter-level travel time spent in this place.
 D = Time resting spent in this place.
 E = Time spent auto-exploring this place.
 F = Levels seen in this place.
 G = Mean time per level.
                   A        B        C        D        E       F      G
               +--------+--------+--------+--------+--------+-----+--------+
         Total |   8478 |   8044 |    434 |   1044 |   4895 |  10 |  847.8 |
       Dungeon |   8013 |   7579 |    434 |    831 |   4793 |   8 | 1001.6 |
        Temple |      1 |      1 |      0 |      0 |      0 |   1 |    1.0 |
        Bailey |    462 |    462 |      0 |    213 |    102 |   1 |  462.0 |
               +--------+--------+--------+--------+--------+-----+--------+

Top non-repeatable levels by time:
     D:4: 1540 daAuts
     D:6: 1256 daAuts
     D:2: 1060 daAuts
     D:7: 1011 daAuts
     D:1: 1009 daAuts
     D:5: 951 daAuts
     D:3: 846 daAuts
  Bailey: 462 daAuts
     D:8: 336 daAuts
  Temple: 1 daAuts
